 Dungeon Crawl Stone Soup version 0.28.0-53-g5a82cb258f (webtiles) character file.

Game seed: 3649077775710098624

293 DocClef the Shield-Bearer (level 6, -1/53 HPs)
             Began as a Gnoll Fighter on June 29, 2022.
             Slain by a gnoll sergeant
             ... wielding a +5 trident of protection
              (13 damage)
             ... on level 4 of the Dungeon.
             The game lasted 00:03:36 (3908 turns).

DocClef the Shield-Bearer (Gnoll Fighter)           Turns: 3908, Time: 00:03:37

Health: -1/53      AC:  8    Str: 23    XL:     6   Next: 33%
Magic:  8/8        EV: 10    Int:  7    God:
Gold:   62         SH:  5    Dex: 12    Spells: 8/8 levels left

rFire   . . .      SeeInvis .   m - +1 flail (protect)
rCold   . . .      Faith    .   c - +0 buckler
rNeg    . . .      Spirit   .   b - +1 scale mail
rPois   .          Reflect  .   (no helmet)
rElec   .          Harm     .   (no cloak)
rCorr   .          Rampage  .   (no gloves)
Will    .....                   (no boots)
Stlth   ..........              (no amulet)
HPRegen 0.17/turn               q - +6 ring of strength
MPRegen 0.11/turn               (no ring)

@: no status effects
A: fangs 1, strong nose, distributed training
a: no special abilities


You were on level 4 of the Dungeon.
You visited 1 branch of the dungeon, and saw 5 of its levels.

You collected 134 gold pieces.
You spent 72 gold pieces at shops.

Inventory:

Hand Weapons
 m - a +1 flail of protection (weapon)
Missiles
 n - a throwing net (quivered)
Armour
 b - a +1 scale mail (worn)
 c - a +0 buckler (worn)
Jewellery
 p - a ring of wizardry
 q - a +6 ring of strength (left hand)
Scrolls
 a - a scroll of fear
 h - 2 scrolls of teleportation
 s - a scroll of fog
Potions
 d - a potion of might
 e - a potion of berserk rage {unknown}
 f - a potion of curing
 g - a potion of lignification {unknown}
 i - a potion of resistance {unknown}
 j - a potion of heal wounds {unknown}
 k - a potion of invisibility {unknown}
 o - a potion of magic {unknown}


   Skills:
 + Level 6.8 Fighting
 + Level 1.9 Short Blades
 + Level 1.9 Long Blades
 + Level 1.9 Axes
 + Level 5.0 Maces & Flails
 + Level 1.9 Polearms
 + Level 1.9 Staves
 + Level 1.9 Slings
 + Level 1.9 Bows
 + Level 1.9 Crossbows
 + Level 1.9 Throwing
 + Level 6.8 Armour
 + Level 1.9 Dodging
 + Level 1.9 Stealth
 + Level 6.8 Shields
 + Level 1.9 Unarmed Combat
 + Level 1.9 Spellcasting
 + Level 1.5 Conjurations
 + Level 1.5 Hexes
 + Level 1.5 Summonings
 + Level 1.5 Necromancy
 + Level 1.5 Translocations
 + Level 1.5 Transmutations
 + Level 1.5 Fire Magic
 + Level 1.5 Ice Magic
 + Level 1.5 Air Magic
 + Level 1.5 Earth Magic
 + Level 1.5 Poison Magic
 + Level 2.1 Invocations
 + Level 1.9 Evocations


You had 8 spell levels left.
You didn't know any spells.
Your spell library contained the following spells:

 Spells                   Type           Power      Damage    Failure   Level
 Sting                    Tmut/Pois      8%         1d3       52%         1
 Poisonous Vapours        Pois/Air       4%         N/A       65%         2
 Olgreb's Toxic Radiance  Pois           2%         N/A       99%         4


Dungeon Overview and Level Annotations

Branches:
Dungeon (5/15)
 Temple: D:4-7

Altars:
Fedhas
Trog

Shops:
D:4 ?:


Innate Abilities, Weirdness & Mutations

You have very sharp teeth.
Your uncanny sense of smell can sniff out nearby items.
Your experience applies equally to all skills.


Message History

There is a stone staircase leading up here.
You sock the gnoll!
Your weapon exudes an aura of protection.
The gnoll is severely wounded.
The gnoll barely misses you.
You sock the gnoll!
You kill the gnoll!
Your hearing returns.
You sock the gnoll!
You kill the gnoll!
A gnoll comes into view. It is wielding a +0 spear.
Your Maces & Flails skill increases to level 5!
The gnoll sergeant hits you but does no damage.
There is a stone staircase leading up here.
The gnoll sergeant hits you with a +5 trident of protection!
You climb upwards.
There is a stone staircase leading down here.
You closely miss the gnoll sergeant. Your bite misses the gnoll sergeant.
The gnoll sergeant hits you with a +5 trident of protection.
You closely miss the gnoll sergeant. Your bite misses the gnoll sergeant.
The gnoll sergeant barely misses you.
The gnoll sergeant hits you with a +5 trident of protection!
You are too injured to fight recklessly!
You barely miss the gnoll sergeant. You block the gnoll sergeant's attack.
You sock the gnoll sergeant!
Your weapon exudes an aura of protection.
The gnoll sergeant is moderately wounded.
The gnoll sergeant misses you. The gnoll sergeant blocks your attack.
The gnoll sergeant is moderately wounded.
The gnoll sergeant hits you with a +5 trident of protection.
Unknown command.
You closely miss the gnoll sergeant. Your bite misses the gnoll sergeant.
The gnoll sergeant is moderately wounded.
The gnoll sergeant hits you with a +5 trident of protection!
* * * LOW HITPOINT WARNING * * *
You closely miss the gnoll sergeant.
The gnoll sergeant is moderately wounded.
The gnoll sergeant hits you with a +5 trident of protection!
You die...

#.....#######.............##....P
..#.#..........#..........####.P.
.#..#......##.###...........###PP
.#.........#..#.............###P.
.............................##.P
#....###.......###...........#...
##....#.........#...#..........##
####....###....g...#.........##
###...##....@......#####..#
#......#.......#######..#
####............#..........#
##.....##.......####........##
#......##.......# ##...##....#
#...............# #......#...#
##....<##......####....#.#####
##.......#.##.# #........#
##....#.#...####....##..#


You could see a gnoll sergeant.

Vanquished Creatures
  A scorpion (D:2)
  A jelly (D:3)
  An orc wizard (D:4)
  7 gnolls
  2 adders
  An adder skeleton (D:4)
  2 worms (D:3)
  2 dart slugs
  3 orcs (D:4)
  7 ball pythons
  4 bats
  6 endoplasms
  6 giant cockroaches
  8 hobgoblins
  8 kobolds
  4 quokkas
  8 frilled lizards
  5 goblins
  3 rats
79 creatures vanquished.

Notes
Turn   | Place    | Note
-------+----------+-------------------------------------------
     0 | D:1      | DocClef the Gnoll Fighter began the quest for the Orb.
     0 | D:1      | Reached XP level 1. HP: 23/23 MP: 1/1
   132 | D:1      | Reached XP level 2. HP: 29/29 MP: 2/2
   180 | D:1      | Found a faded altar of an unknown god.
   313 | D:1      | Reached XP level 3. HP: 27/35 MP: 2/4
   463 | D:1      | Reached skill level 1 in Invocations
   861 | D:2      | Reached skill level 1 in Short Blades
   861 | D:2      | Reached skill level 1 in Long Blades
   861 | D:2      | Reached skill level 1 in Axes
   861 | D:2      | Reached skill level 1 in Polearms
   861 | D:2      | Reached skill level 1 in Staves
   861 | D:2      | Reached skill level 1 in Slings
   861 | D:2      | Reached skill level 1 in Bows
   861 | D:2      | Reached skill level 1 in Crossbows
   861 | D:2      | Reached skill level 1 in Throwing
   861 | D:2      | Reached skill level 1 in Dodging
   861 | D:2      | Reached skill level 1 in Stealth
   861 | D:2      | Reached skill level 1 in Unarmed Combat
   861 | D:2      | Reached skill level 1 in Spellcasting
   861 | D:2      | Reached skill level 1 in Evocations
   943 | D:2      | Found a bloodstained altar of Trog.
   946 | D:2      | Reached XP level 4. HP: 41/41 MP: 5/5
  1168 | D:2      | Reached skill level 1 in Conjurations
  1168 | D:2      | Reached skill level 1 in Hexes
  1168 | D:2      | Reached skill level 1 in Summonings
  1168 | D:2      | Reached skill level 1 in Necromancy
  1168 | D:2      | Reached skill level 1 in Translocations
  1168 | D:2      | Reached skill level 1 in Transmutations
  1168 | D:2      | Reached skill level 1 in Fire Magic
  1168 | D:2      | Reached skill level 1 in Ice Magic
  1168 | D:2      | Reached skill level 1 in Air Magic
  1168 | D:2      | Reached skill level 1 in Earth Magic
  1168 | D:2      | Reached skill level 1 in Poison Magic
  1441 | D:3      | Reached XP level 5. HP: 35/47 MP: 6/6
  2720 | D:3      | Reached XP level 6. HP: 53/53 MP: 8/8
  3227 | D:4      | Found Lunk's Magic Scroll Shoppe.
  3284 | D:4      | Bought a scroll of noise for 12 gold pieces
  3284 | D:4      | Bought a scroll of teleportation for 36 gold pieces
  3284 | D:4      | Bought a scroll of fog for 24 gold pieces
  3376 | D:4      | Found Lemm's Book Boutique.
  3491 | D:4      | Found a blossoming altar of Fedhas.
  3868 | D:5      | Entered Level 5 of the Dungeon
  3898 | D:5      | Reached skill level 5 in Maces & Flails
  3908 | D:4      | Slain by a gnoll sergeant

Illustrated notes

Levels and vault maps discovered:
D:1:      eino_arrival_cavern_e, layout_loops_ring,
          shapermc_ecumenical_altar_mp_ritualfount
D:2:      layout_basic, serial_corexii_hall, corexii_hall_statues_x,
          corexii_hall_statues_x, basic_altar
D:3:      layout_loops_corners
D:4:      layout_cave_pools, fedhas_altar_3, serial_shops,
          nicolae_shop_window_shopping, nicolae_take_the_stairs
D:5:      layout_basic, nicolae_ossuary_entry_plus

Skill      XL: |  1  2  3  4  5  6 |
---------------+-------------------+-----
Invocations    | 1 2 |  2.1
Short Blades   | 1 |  1.9
Long Blades    | 1 |  1.9
Axes           | 1 |  1.9
Polearms       | 1 |  1.9
Staves         | 1 |  1.9
Slings         | 1 |  1.9
Bows           | 1 |  1.9
Crossbows      | 1 |  1.9
Throwing       | 1 |  1.9
Dodging        | 1 |  1.9
Stealth        | 1 |  1.9
Unarmed Combat | 1 |  1.9
Spellcasting   | 1 |  1.9
Evocations     | 1 |  1.9
Conjurations   | 1 |  1.5
Hexes          | 1 |  1.5
Summonings     | 1 |  1.5
Necromancy     | 1 |  1.5
Translocations | 1 |  1.5
Transmutations | 1 |  1.5
Fire Magic     | 1 |  1.5
Ice Magic      | 1 |  1.5
Air Magic      | 1 |  1.5
Earth Magic    | 1 |  1.5
Poison Magic   | 1 |  1.5
Maces & Flails | 5 |  5.0
Fighting       | |  6.8
Armour         | |  6.8
Shields        | |  6.8

Action                   |  1- 3 |  4- 6 || total
-------------------------+-------+-------++-------
Melee: Flail             |    88 |   167 ||   255
       Bite              |     5 |    15 ||    20
  Use: Scroll            |       |     5 ||     5
Armor: Scale mail        |    36 |    64 ||   100
Dodge: Dodged            |    31 |    77 ||   108
Block: Buckler           |    18 |    41 ||    59
